 Dungeon Crawl Stone Soup version 0.29.1-15-g9cfb28693d (webtiles) character file.

Game seed: 3051406378468553040

11477 jtron the Skirmisher (level 11, 0/87 HPs)
             Began as a Gnoll Wanderer on Mar 3, 2023.
             Was a High Priest of Okawaru.
             Slain by a brown ugly thing (14 damage)
             ... on level 11 of the Dungeon.
             The game lasted 00:32:03 (10461 turns).

jtron the Skirmisher (Gnoll Wanderer)              Turns: 10461, Time: 00:32:04

Health: 0/87       AC:  1    Str: 10    XL:     11   Next: 78%
Magic:  21/21      EV: 24    Int:  8    God:    Okawaru [*****.]
Gold:   743        SH:  5    Dex: 21    Spells: 21/23 levels left

rFire   . . .      SeeInvis .   R - +3 scimitar (flame)
rCold   x . .      Faith    .   (no shield)
rNeg    + + +      Spirit   .   d - +3 leather armour "Kan Buk" {rC- rN+++ Regen+}
rPois   .          Reflect  +   k - +1 helmet
rElec   .          Harm     .   C - +2 cloak
rCorr   .          Rampage  .   g - +2 pair of gloves
Will    +....                   (no boots)
Stlth   +++++.....              s - amulet of reflection
HPRegen 1.04/turn               e - ring of willpower
MPRegen 0.17/turn               w - +4 ring of evasion

@: heroic, corroded
A: fangs 1, strong nose, distributed training
a: Renounce Religion, Heroism, Finesse, Duel


You were on level 11 of the Dungeon.
You worshipped Okawaru.
Okawaru was extremely pleased with you.
You visited 2 branches of the dungeon, and saw 12 of its levels.

You collected 770 gold pieces.
You spent 27 gold pieces at shops.

Inventory:

Hand Weapons
 a - a +3 vorpal sling
 b - a +3 vampiric falchion
 M - the +10 quarterstaff "Giantslayer" {drain, Will+}
   (You found it on level 10 of the Dungeon)

   A truly terrible weapon, it drains the life of any living foe it strikes.
   Will:      It increases your willpower.
 R - a +3 scimitar of flaming (weapon)
Missiles
 h - 125 stones
 p - 27 poisoned darts (quivered)
 q - 2 throwing nets
 y - 7 curare-tipped darts
 I - 19 boomerangs
 L - 4 atropa-tipped darts
Armour
 c - a +0 ring mail
 d - the +3 leather armour "Kan Buk" (worn) {rC- rN+++ Regen+}
   (You took it off an orc wizard on level 3 of the Dungeon)

   rC:        It makes you vulnerable to cold.
   rN:        It renders you almost immune to negative energy.
   Regen:     It increases your rate of health regeneration.
 g - a +2 pair of gloves (worn)
 k - a +1 helmet (worn)
 u - the +1 pair of gloves of Buawi {Will++ Str-2}
   (You found it on level 7 of the Dungeon)

   Str:       It affects your strength (-2).
   Will:      It greatly increases your willpower.
 C - a +2 cloak (worn)
 G - a +2 ring mail of fire resistance
Jewellery
 e - a ring of willpower (left hand)
 m - an amulet of the acrobat
 o - a ring of resist corrosion
 s - an amulet of reflection (around neck)
 w - a +4 ring of evasion (right hand)
 x - an amulet of guardian spirit
 B - a ring of ice
 O - a ring of ice
Wands
 i - a wand of quicksilver (12)
Scrolls
 l - a scroll of brand weapon
 r - a scroll of noise
 t - 2 scrolls of amnesia {unknown}
 v - 2 scrolls of butterflies {unknown}
 z - 2 scrolls of teleportation
 D - 2 scrolls of torment {unknown}
 E - a scroll of acquirement {unknown}
 J - a scroll of enchant weapon
 N - a scroll of blinking
Potions
 f - 2 potions of curing
 j - 2 potions of degeneration
 n - a potion of flight
 A - a potion of cancellation
 F - a potion of brilliance {unknown}
 H - a potion of heal wounds {unknown}
 K - a potion of lignification {unknown}
 Q - a potion of mutation {unknown}
Miscellaneous
 P - a tin of tremorstones (2/2)


   Skills:
 + Level 8.3(13.3) Fighting
 + Level 6.8(11.8) Short Blades
 + Level 7.4(12.4) Long Blades
 + Level 6.8(11.8) Axes
 + Level 6.8(11.8) Maces & Flails
 + Level 6.8(11.8) Polearms
 + Level 6.8(11.8) Staves
 + Level 9.6(14.6) Ranged Weapons
 + Level 7.4(12.4) Throwing
 + Level 8.3(13.3) Armour
 + Level 7.4(12.4) Dodging
 + Level 6.8(11.8) Stealth
 + Level 6.8(11.8) Shields
 + Level 6.8(11.8) Unarmed Combat
 + Level 6.8 Spellcasting
 + Level 5.7 Conjurations
 + Level 5.7 Hexes
 + Level 5.7 Summonings
 + Level 5.7 Necromancy
 + Level 5.7 Translocations
 + Level 5.7 Transmutations
 + Level 5.7 Fire Magic
 + Level 5.7 Ice Magic
 + Level 5.7 Air Magic
 + Level 5.7 Earth Magic
 + Level 5.7 Poison Magic
 + Level 7.5 Invocations
 + Level 6.8 Evocations


You had 21 spell levels left.
You knew the following spells:

 Your Spells              Type           Power      Damage    Failure   Level
p - Passwall              Tmut/Erth      9%         N/A       3%          2

Your spell library contained the following spells:

 Spells                   Type           Power      Damage    Failure   Level
 Foxfire                  Conj/Fire      44%        2x1d6     2%          1
 Sandblast                Erth           22%        2d7       2%          1
 Conjure Flame            Conj/Fire      11%        6-21      8%          3
 Inner Flame              Hex/Fire       11%        N/A       8%          3
 Stone Arrow              Conj/Erth      22%        3d8       8%          3
 Flame Wave               Conj/Fire      11%        2d6       26%         4
 Leda's Liquefaction      Hex/Erth       5%         N/A       26%         4
 Lee's Rapid Deconstruct  Erth           5%         3d7*      56%         5
 Statue Form              Tmut/Erth      7%         N/A       98%         6
 Lehudib's Crystal Spear  Conj/Erth      5%         10d3      100%        8
 Animate Armour           Summ/Erth      Unusable   N/A       N/A         4

Dungeon Overview and Level Annotations

Branches:
Dungeon (11/15)            Temple (1/1) D:5             Orc (0/2) D:10
   Lair: D:8-11

Altars:
Ashenzari
Cheibriados
Dithmenos
Fedhas
Gozag
Hepliaklqana
Kikubaaqudgha
Makhleb
Nemelex Xobeh
Okawaru
Qazlal
Ru
Sif Muna
Trog
Uskayaw
Vehumet
Wu Jian
Yredelemnul
Zin

Shops:
D:8 :   D:10 (


Innate Abilities, Weirdness & Mutations

You have very sharp teeth.
Your uncanny sense of smell can sniff out nearby items.
Your experience applies equally to all skills.


Message History

You hit the brown ugly thing.
You feel better.
The brown ugly thing is severely wounded.
The brown ugly thing headbutts you but does no damage.
You hit the brown ugly thing but do no damage.
The brown ugly thing is heavily wounded.
The brown ugly thing completely misses you.
You hit the brown ugly thing but do no damage.
The brown ugly thing is heavily wounded.
You hit the brown ugly thing.
The brown ugly thing is severely wounded.
The brown ugly thing barely misses you.
You slash the brown ugly thing!
You feel better.
You bite the brown ugly thing, but do no damage.
The brown ugly thing is severely wounded.
The brown ugly thing completely misses you.
You slash the brown ugly thing!
You feel better.
You bite the brown ugly thing, but do no damage.
The brown ugly thing is almost dead.
The brown ugly thing barely misses you.
You feel the dreadful sensation subside.
Your +3 scimitar of flaming bursts into flame!
R - a +3 scimitar of flaming (weapon)
You hit the brown ugly thing but do no damage.
You punch the brown ugly thing, but do no damage.
The brown ugly thing is almost dead.
The brown ugly thing completely misses you.
You hit the brown ugly thing. You burn the brown ugly thing.
You punch the brown ugly thing.
The brown ugly thing is almost dead.
The brown ugly thing headbutts you!
* * * LOW HITPOINT WARNING * * *
The acid corrodes you!
You are splashed with acid.
* * * LOW HITPOINT WARNING * * *
Unknown command.
You hit the brown ugly thing. You burn the brown ugly thing.
The brown ugly thing is almost dead.
You closely miss the brown ugly thing.
The brown ugly thing is almost dead.
The brown ugly thing headbutts you!
You die...

####
#######################.....#####
.................................
....#....................... ....
....#...........@.........#####..
.<..#......#..†..u........#...#..
....#......#..[...........#...#..
..........................#...#..
################..........##'##..
.......<.).....#.................
........)).....#.................
......u..).....#.................
...............#####'#...#######.


You could see a brown ugly thing.

Vanquished Creatures
  Harold (D:10)
  A two-headed ogre (D:11)
  Erica (D:11)
  Nergalle (D:10)
  Sonja (D:10)
  Pikel (D:8)
  An ugly thing (D:11)
  Joseph (D:7)
  A troll (D:6)
  Prince Ribbit (D:7)
  Sigmund (D:2)
  2 shadows
  A vampire (D:10)
  A wyvern (D:9)
  A wraith (D:8)
  9 yaks
  A steam dragon (D:8)
  An acid dragon (D:9)
  4 water moccasins
  3 orc warriors
  An ice beast (D:7)
  2 black bears
  A centaur (D:8)
  A phantom (D:3)
  A lemure (D:8)
  4 kobold brigands
  6 bullfrogs
  3 scorpions
  2 necrophages
  13 wights
  17 killer bees (D:9)
  2 howler monkeys
  3 hounds (D:5)
  5 orc priests
  A gnoll bouda (D:7)
  8 orc wizards
  6 iguanas
  Robin (D:2)
  11 gnolls
  5 adders
  3 shadow imps
  A white imp (D:6)
  An ufetubus (D:5)
  7 dart slugs
  A worm (D:2)
  45 orcs
  4 endoplasms
  2 giant cockroaches
  10 hobgoblins
  A jackal (D:1)
  A quokka (D:4)
  5 ball pythons
  4 bats
  3 frilled lizards
  21 goblins
  35 kobolds
  8 rats
279 creatures vanquished.

Vanquished Creatures (others)
  A kobold brigand (D:6)
  An orc (D:9)
  6 plants
8 creatures vanquished.

Grand Total: 287 creatures vanquished

Notes
Turn   | Place    | Note
-------+----------+-------------------------------------------
     0 | D:1      | jtron the Gnoll Wanderer began the quest for the Orb.
     0 | D:1      | jtron set off with the following items: a +2 sling, a +0
                  | falchion, a +0 ring mail, a potion of curing.
     0 | D:1      | Reached XP level 1. HP: 20/20 MP: 1/1
   169 | D:1      | Reached XP level 2. HP: 26/26 MP: 2/2
   950 | D:1      | Reached XP level 3. HP: 31/31 MP: 3/3
  1172 | D:2      | Noticed Robin
  1187 | D:2      | Killed Robin
  1188 | D:2      | Reached skill level 1 in Invocations
  1196 | D:2      | Reached skill level 1 in Short Blades
  1196 | D:2      | Reached skill level 1 in Axes
  1196 | D:2      | Reached skill level 1 in Maces & Flails
  1196 | D:2      | Reached skill level 1 in Polearms
  1196 | D:2      | Reached skill level 1 in Staves
  1196 | D:2      | Reached skill level 1 in Stealth
  1196 | D:2      | Reached skill level 1 in Shields
  1196 | D:2      | Reached skill level 1 in Unarmed Combat
  1196 | D:2      | Reached skill level 1 in Spellcasting
  1196 | D:2      | Reached skill level 1 in Evocations
  1404 | D:2      | Noticed Sigmund
  1412 | D:2      | Killed Sigmund
  1413 | D:2      | Reached skill level 1 in Conjurations
  1413 | D:2      | Reached skill level 1 in Hexes
  1413 | D:2      | Reached skill level 1 in Summonings
  1413 | D:2      | Reached skill level 1 in Necromancy
  1413 | D:2      | Reached skill level 1 in Translocations
  1413 | D:2      | Reached skill level 1 in Transmutations
  1413 | D:2      | Reached skill level 1 in Fire Magic
  1413 | D:2      | Reached skill level 1 in Ice Magic
  1413 | D:2      | Reached skill level 1 in Air Magic
  1413 | D:2      | Reached skill level 1 in Earth Magic
  1413 | D:2      | Reached skill level 1 in Poison Magic
  1413 | D:2      | Reached XP level 4. HP: 38/38 MP: 4/6
  1413 | D:2      | Reached XP level 5. HP: 43/43 MP: 4/7
  1559 | D:2      | Reached XP level 6. HP: 47/50 MP: 8/8
  2213 | D:3      | Reached skill level 5 in Fighting
  2213 | D:3      | Reached skill level 5 in Armour
  2388 | D:3      | Found a hide-covered altar of Uskayaw.
  2636 | D:3      | Identified the +3 leather armour "Kan Buk" {rC- rN+++
                  | Regen+}
  3704 | D:4      | Reached skill level 7 in Ranged Weapons
  3704 | D:4      | Reached XP level 7. HP: 53/56 MP: 10/10
  4043 | D:5      | Entered Level 5 of the Dungeon
  4241 | D:5      | Found a blossoming altar of Fedhas.
  4242 | D:5      | Found an ornate altar of the Wu Jian Council.
  4242 | D:5      | Found a shimmering blue altar of Sif Muna.
  4304 | D:5      | Reached XP level 8. HP: 60/63 MP: 12/12
  4377 | D:5      | Found a staircase to the Ecumenical Temple.
  4395 | Temple   | Entered the Ecumenical Temple
  4417 | Temple   | Became a worshipper of Warmaster Okawaru
  4736 | D:6      | Noticed a troll
  4976 | D:6      | Killed a troll
  4976 | D:6      | Reached * piety under Okawaru
  5279 | D:6      | Reached ** piety under Okawaru
  5280 | D:6      | Reached XP level 9. HP: 68/69 MP: 13/15
  5757 | D:7      | Reached skill level 5 in Long Blades
  5757 | D:7      | Reached skill level 5 in Throwing
  5757 | D:7      | Reached skill level 5 in Dodging
  5925 | D:7      | Noticed Joseph
  5933 | D:7      | Killed Joseph
  5934 | D:7      | Reached skill level 8 in Ranged Weapons
  6021 | D:7      | Reached skill level 5 in Invocations
  6039 | D:7      | Found a burning altar of Makhleb.
  6047 | D:7      | Identified the +1 pair of gloves of Buawi {Will++ Str-2}
  6070 | D:7      | Found a bloodstained altar of Trog.
  6088 | D:7      | Found a shadowy altar of Dithmenos.
  6104 | D:7      | Reached *** piety under Okawaru
  6757 | D:7      | Noticed Prince Ribbit
  6770 | D:7      | Killed Prince Ribbit
  7046 | D:8      | Found Curofry's Book Shoppe.
  7084 | D:8      | Reached skill level 5 in Short Blades
  7084 | D:8      | Reached skill level 5 in Axes
  7084 | D:8      | Reached skill level 5 in Maces & Flails
  7084 | D:8      | Reached skill level 5 in Polearms
  7084 | D:8      | Reached skill level 5 in Staves
  7084 | D:8      | Reached skill level 5 in Stealth
  7084 | D:8      | Reached skill level 5 in Shields
  7084 | D:8      | Reached skill level 5 in Unarmed Combat
  7084 | D:8      | Reached skill level 5 in Spellcasting
  7084 | D:8      | Reached skill level 5 in Evocations
  7084 | D:8      | Reached XP level 10. HP: 77/77 MP: 17/17
  7212 | D:8      | Noticed Pikel
  7223 | D:8      | Killed Pikel
  7223 | D:8      | Reached **** piety under Okawaru
  7436 | D:8      | You fall into a shaft and drop 2 floors!
  7436 | D:10     | Entered Level 10 of the Dungeon
  8038 | D:9      | Reached skill level 9 in Ranged Weapons
  8106 | D:9      | Reached skill level 5 in Conjurations
  8106 | D:9      | Reached skill level 5 in Hexes
  8106 | D:9      | Reached skill level 5 in Summonings
  8106 | D:9      | Reached skill level 5 in Necromancy
  8106 | D:9      | Reached skill level 5 in Translocations
  8106 | D:9      | Reached skill level 5 in Transmutations
  8106 | D:9      | Reached skill level 5 in Fire Magic
  8106 | D:9      | Reached skill level 5 in Ice Magic
  8106 | D:9      | Reached skill level 5 in Air Magic
  8106 | D:9      | Reached skill level 5 in Earth Magic
  8106 | D:9      | Reached skill level 5 in Poison Magic
  8109 | D:9      | Reached XP level 11. HP: 75/85 MP: 20/20
  8203 | D:9      | Found a sacrificial altar of Ru.
  8204 | D:9      | Found a glowing silver altar of Zin.
  8318 | D:9      | Found a stormy altar of Qazlal.
  8920 | D:10     | Noticed Nergalle
  8948 | D:10     | Killed Nergalle
  8962 | D:10     | Found a basalt altar of Yredelemnul.
  9045 | D:10     | Found a staircase to the Orcish Mines.
  9049 | D:10     | Found Meot's Weapon Emporium.
  9120 | D:10     | Learned a level 2 spell: Passwall
  9223 | D:10     | Noticed Harold
  9251 | D:10     | Killed Harold
  9514 | D:10     | Bought 3 atropa-tipped darts for 27 gold pieces
  9560 | D:10     | Identified the +10 quarterstaff "Giantslayer" {drain,
                  | Will+}
  9708 | D:10     | Noticed Sonja
  9725 | D:10     | Killed Sonja
  9725 | D:10     | Reached ***** piety under Okawaru
  9872 | D:11     | Noticed a two-headed ogre
  9887 | D:11     | Killed a two-headed ogre
  9887 | D:11     | Received a gift from Okawaru
 10019 | D:11     | Noticed a brown ugly thing
 10187 | D:11     | Noticed a red ugly thing
 10223 | D:11     | Noticed a red ugly thing
 10224 | D:11     | Noticed Erica
 10234 | D:11     | Killed Erica
 10247 | D:11     | Killed a red ugly thing
 10461 | D:11     | Slain by a brown ugly thing

Illustrated notes

Levels and vault maps discovered:
D:1:      evilmike_arrival_crescent, layout_loops_corners,
          grunt_decor_arrowhead, minmay_close_crescents
D:2:      layout_loops_corners, hangedman_decor_riveting,
          nicolae_figureground_pulse, uniq_robin, uniq_sigmund
D:3:      layout_basic, lemuel_tele_altar
D:4:      layout_cave_pools
D:5:      layout_basic, gammafunk_temple_overflow_forgotten,
          minmay_temple_entry_mini_moons
D:6:      layout_gridville, minmay_misc_feat_rugged
D:7:      corexii_shantytown, layout_basic, mainiacjoe_overflow_six_doors_small,
          lemuel_crystal_altar, mainiacjoe_overflow_paths, uniq_joseph,
          uniq_prince_ribbit1
D:8:      layout_basic, serial_shops, shop, uniq_pikel
D:9:      layout_roguey, nicolae_qazlal_general_emergency,
          gammafunk_temple_overflow_pools
D:10:     layout_roguey, kennysheep_mini_moat, orc_david_3, enter_bailey_8,
          uniq_sonja, uniq_harold, uniq_nergalle
D:11:     layout_stronghold, david_lair_generic, serial_shops,
          nicolae_shop_trees, serial_column_ruins, column_ruins_circle_medium,
          column_ruins_hut, column_ruins_grid_3, column_ruins_open_tiny,
          column_ruins_open_small, column_ruins_grid_1, uniq_erica
Temple:   hellmonk_temple_of_storms

Skill      XL: |  1  2  3  4  5  6  7  8  9 10 11 |
---------------+----------------------------------+-----
Invocations    | 2 3 4 5 6 7 |  7.5
Short Blades   | 1 2 3 4 5 6 |  6.8
Axes           | 1 2 3 4 5 6 |  6.8
Maces & Flails | 1 2 3 4 5 6 |  6.8
Polearms       | 1 2 3 4 5 6 |  6.8
Staves         | 1 2 3 4 5 6 |  6.8
Stealth        | 1 2 3 4 5 6 |  6.8
Shields        | 1 2 3 4 5 6 |  6.8
Unarmed Combat | 1 2 3 4 5 6 |  6.8
Spellcasting   | 1 2 3 4 5 6 |  6.8
Evocations     | 1 2 3 4 5 6 |  6.8
Long Blades    | 3 4 5 6 7 |  7.4
Throwing       | 3 4 5 6 7 |  7.4
Dodging        | 3 4 5 6 7 |  7.4
Conjurations   | 1 2 3 4 5 |  5.7
Hexes          | 1 2 3 4 5 |  5.7
Summonings     | 1 2 3 4 5 |  5.7
Necromancy     | 1 2 3 4 5 |  5.7
Translocations | 1 2 3 4 5 |  5.7
Transmutations | 1 2 3 4 5 |  5.7
Fire Magic     | 1 2 3 4 5 |  5.7
Ice Magic      | 1 2 3 4 5 |  5.7
Air Magic      | 1 2 3 4 5 |  5.7
Earth Magic    | 1 2 3 4 5 |  5.7
Poison Magic   | 1 2 3 4 5 |  5.7
Fighting       | 5 6 7 8 |  8.3
Armour         | 5 6 7 8 |  8.3
Ranged Weapons | 7 8 9 |  9.6

Action                   |  1- 3 |  4- 6 |  7- 9 | 10-12 || total
-------------------------+-------+-------+-------+-------++-------
Melee: Falchion          |     9 |    23 |   315 |   478 ||   825
       Bite              |     2 |     1 |    37 |    76 ||   116
       Punch             |       |     1 |    19 |    36 ||    56
       Scimitar          |       |       |       |     4 ||     4
 Fire: Sling             |    78 |    93 |   171 |   152 ||   494
Invok: Heroism           |       |       |     3 |    11 ||    14
Evoke: Wand              |       |       |     8 |       ||     8
  Use: Potion            |     2 |     4 |     1 |     4 ||    11
       Scroll            |       |     8 |     7 |     9 ||    24
 Stab: Sleeping          |       |       |     3 |     1 ||     4
       Invisible         |       |       |       |     3 ||     3
Armor: Ring mail         |    18 |    22 |       |       ||    40
       Leather armour    |       |     7 |   101 |    86 ||   194
Dodge: Dodged            |    20 |    22 |   289 |   401 ||   732
Block: Other             |       |       |    80 |   108 ||   188
       Reflection        |       |       |     4 |     7 ||    11
